 Dungeon Crawl Stone Soup version 0.27-a0-898-g810843a28d (webtiles) character file.

Game seed: 4662972232593081364

1564 HoaS the Chiller (level 8, -2/57 HPs)
             Began as a Demigod Ice Elementalist on Apr 5, 2021.
             Blown up by an orc (26 damage)
             ... with a mindburst bolt
             ... on level 5 of the Dungeon.
             The game lasted 00:20:27 (7233 turns).

HoaS the Chiller (Demigod Ice Elementalist)         Turns: 7233, Time: 00:20:28

Health: -2/57      AC:  7    Str:  9    XL:     8   Next: 33%
Magic:  14/20      EV: 12    Int: 25    God:
Gold:   198        SH:  0    Dex: 14    Spells: 8/19 levels left

rFire    . . .     SeeInvis .   i - +0 dagger (elec)
rCold    . . .     Faith    .   (no shield)
rNeg     . . .     Spirit   .   a - +0 robe
rPois    .         Reflect  .   j - +1 helmet
rElec    .         Harm     .   n - +2 cloak
rCorr    .         Rampage  .   (no gloves)
Will     .....                  (no boots)
Stlth    ++........             (no amulet)
HPRegen  0.19/turn              (no ring)
MPRegen  0.17/turn              (no ring)

@: no status effects
A: high mp 1, forlorn
a: no special abilities


You were on level 5 of the Dungeon.
You visited 1 branch of the dungeon, and saw 5 of its levels.
You also visited: Sewer.

You collected 198 gold pieces.

Inventory:

Hand Weapons
 i - a +0 dagger of electrocution (weapon)
Missiles
 m - 2 curare-tipped darts
Armour
 a - a +0 robe (worn)
 e - a +3 leather armour
 j - a +1 helmet (worn)
 n - a +2 cloak (worn)
Wands
 k - a wand of paralysis (6)
 r - a wand of flame (9)
Scrolls
 o - a scroll of fog
 q - a scroll of vulnerability {unknown}
Potions
 b - 6 potions of curing
 c - a potion of ambrosia {unknown}
 d - a potion of brilliance {unknown}
 f - a potion of lignification {unknown}
 g - a potion of resistance {unknown}
 h - a potion of haste {unknown}
 l - 2 potions of flight {unknown}
 p - a potion of might {unknown}


   Skills:
 - Level 1.7 Dodging
 - Level 1.7 Stealth
 + Level 6.0 Spellcasting
 + Level 4.1 Summonings
 + Level 7.2 Ice Magic


You had 8 spell levels left.
You knew the following spells:

 Your Spells              Type           Power      Damage    Failure   Level
a - Freeze                Ice            100%       1d11      1%          1
b - Frozen Ramparts       Ice            86%        1d10      1%          3
c - Ozocubu's Armour      Ice            43%        N/A       1%          3
d - Summon Ice Beast      Ice/Summ       36%        N/A       7%          4

Your spell library contained the following spells:

 Spells                   Type           Power      Damage    Failure   Level
 Sandblast                Erth           14%        2d6       8%          1
 Passwall                 Tmut/Erth      5%         N/A       11%         2
 Hailstorm                Conj/Ice       25%        3d7       17%         4
 Stone Arrow              Conj/Erth      14%        3d7       22%         3
 Petrify                  Tmut/Erth      7%         N/A       58%         4
 Lee's Rapid Deconstruct  Erth           3%         3d6*      90%         5


Dungeon Overview and Level Annotations

Branches:
Dungeon (5/15)              Sewer (visited)
 Temple: D:4-7

Shops:
D:2 [   D:3 !


Innate Abilities, Weirdness & Mutations

Your attributes grow dramatically as you level up.
You have an increased reservoir of magic. (+10% MP)
You shall have no god before yourself.


Message History

Casting: Summon Ice Beast (dangerous; 8% risk of failure)
Confirm with . or Enter, or press ? or * to list all spells.
Casting: Frozen Ramparts (safe; 1% risk of failure)
Press: ? - help, Dir - look around, f - activate
Okay, then.
Prince Ribbit catches a baby bat with his tongue.
Prince Ribbit barely misses your ice beast.
Your ice beast misses Prince Ribbit.
Casting: Frozen Ramparts (safe; 1% risk of failure)
Confirm with . or Enter, or press ? or * to list all spells.
Casting: Frozen Ramparts (safe; 1% risk of failure)
Press: ? - help, Dir - look around, f - activate The walls around you are covered in ice.
Your ice beast hits Prince Ribbit.
Your ice beast freezes Prince Ribbit!
Casting: Frozen Ramparts (safe; 1% risk of failure)
Confirm with . or Enter, or press ? or * to list all spells.
A film of ice covers your body!
Prince Ribbit blinks!
Your ice beast hits Prince Ribbit.
Your ice beast freezes Prince Ribbit!
Prince Ribbit seems to slow down.
Prince Ribbit dies!
Prince Ribbit returns to his original shape as he dies.
Your Spellcasting skill increases to level 6!
A gnoll comes into view. It is wielding a +0 club.
The wall freezes the gnoll!
The gnoll hits your ice beast with a +0 club.
Your ice beast hits the gnoll.
Your ice beast freezes the gnoll!
The gnoll dies!
The frozen ramparts melt away.
You start resting.
An orc comes into view.
It is wielding a +0 mace and carrying a wand of mindburst (8).
The orc zaps a wand.
Your ice beast's mind is blasted!
Your ice beast disappears in a puff of smoke!
The orc zaps a wand.
Your mind is blasted!
Ouch! That really hurt!
You are too injured to fight recklessly!
Your icy armour cracks and falls away as you move.
A gnoll comes into view. It is wielding a +0 flail.
Sorry, you're not good enough to have a special ability.
The orc zaps a wand.
Your mind is blasted!
You die...

...#.....# ........#. ..
.......... ^...###.#.......
_^.............. #
#......^^^.# ##o........
.##.#..........###)..†......
....#..........#............
...............#@#.#........
...............#g.....####.#
......................###
......................#...
..............†.........#
......)##.............###
.....#.#..................
..##..................#### .
###....####.....####


You could see a gnoll (wandering) and an orc.

Vanquished Creatures
  Eustachio (D:5)
  A black bear (D:5)
  A necrophage (D:5)
  9 kobold brigands (Sewer)
  3 hounds (D:5)
  2 orc priests (D:3)
  A gnoll shaman (D:4)
  3 iguanas
  An orc wizard (D:3)
  Robin (D:3)
  3 gnolls (D:4)
  4 adders
  A river rat (Sewer)
  A white imp (D:4)
  A worm (Sewer)
  3 dart slugs
  8 orcs
  5 ball pythons
  3 bats
  8 endoplasms
  7 giant cockroaches
  7 hobgoblins
  12 jackals
  16 kobolds
  3 quokkas
  6 frilled lizards
  22 goblins
  9 rats
142 creatures vanquished.

Vanquished Creatures (collateral kills)
  Prince Ribbit (D:5)
  A gnoll (D:5)
2 creatures vanquished.

Grand Total: 144 creatures vanquished

Notes
Turn   | Place    | Note
-------+----------+-------------------------------------------
     0 | D:1      | HoaS the Demigod Ice Elementalist began the quest for the
                  | Orb.
     0 | D:1      | Reached XP level 1. HP: 14/14 MP: 5/5
   379 | D:1      | Reached XP level 2. HP: 14/20 MP: 2/7
   586 | D:1      | Reached skill level 4 in Ice Magic
  1250 | D:2      | Reached XP level 3. HP: 14/26 MP: 4/9
  1453 | D:2      | Learned a level 3 spell: Frozen Ramparts
  1457 | D:2      | Learned a level 3 spell: Ozocubu's Armour
  1567 | D:2      | Found Kiovagi's Armour Shop.
  2779 | D:3      | Reached XP level 4. HP: 28/33 MP: 7/11
  2952 | D:3      | Reached XP level 5. HP: 21/38 MP: 7/13
  3281 | D:3      | Reached skill level 5 in Ice Magic
  3413 | D:3      | Noticed Robin
  3535 | D:3      | Killed Robin
  3638 | D:3      | Learned a level 4 spell: Summon Ice Beast
  3651 | D:3      | Found Othriacio's Distillery.
  4288 | D:4      | Reached skill level 1 in Summonings
  4497 | D:4      | Reached XP level 6. HP: 42/45 MP: 8/15
  4510 | D:4      | Found a glowing drain.
  4520 | Sewer    | Entered a sewer
  5468 | Sewer    | HP: 2/45 [poisoned by a kobold brigand]
  5471 | Sewer    | Reached XP level 7. HP: 15/50 MP: 8/17
  5707 | Sewer    | Reached skill level 6 in Ice Magic
  6082 | Sewer    | Reached skill level 5 in Spellcasting
  6866 | D:5      | Entered Level 5 of the Dungeon
  6973 | D:5      | Reached XP level 8. HP: 53/57 MP: 10/20
  7113 | D:5      | Noticed Eustachio
  7128 | D:5      | Killed Eustachio
  7129 | D:5      | Reached skill level 7 in Ice Magic
  7199 | D:5      | Noticed Prince Ribbit
  7211 | D:5      | Killed Prince Ribbit
  7233 | D:5      | Blown up by an orc

Illustrated notes

Levels and vault maps discovered:
D:1:      lemuel_arrival_river_ford, layout_loops_ring,
          ebering_ecumenical_altar_hall, chequers_serial_rivers_room_b,
          hex_tiny, minivault_25, minmay_vboxes
D:2:      layout_basic, basic_altar, serial_shops, shop_fountains,
          corexii_corridor_pit, minmay_misc_feat_chi
D:3:      kennysheep_goblin_castle, layout_basic, serial_shops, shop,
          serial_glass, glass_columns_a, glass_columns_a, grunt_ministairs_15,
          grunt_decor_cap, minmay_misc_feat_encased
D:4:      layout_loops_cross, nicolae_elyvilon_peaceful_grove,
          gammafunk_temple_overflow_wave, portal_sewer_entry_f
D:5:      layout_rooms, nicolae_hepliaklqana_ecumenical_no_more,
          xom_teletrap_fun, grunt_ministairs_6, minmay_misc_feat_nine_boxes,
          uniq_crazy_yiuf_cottage, uniq_prince_ribbit1, uniq_eustachio

Skill      XL: |  1  2  3  4  5  6  7  8 |
---------------+-------------------------+-----
Spellcasting   | 2 3 4 5 6 |  6.0
Ice Magic      | 4 5 6 7 |  7.2
Summonings     | 1 2 3 4 |  4.1
Dodging        | |  1.7
Stealth        | |  1.7

Action                   |  1- 3 |  4- 6 |  7- 9 || total
-------------------------+-------+-------+-------++-------
Melee: Short sword       |     9 |       |       ||     9
       Dagger            |    13 |    15 |    18 ||    46
 Cast: Freeze            |    64 |   108 |    43 ||   215
       Frozen Ramparts   |       |     4 |    10 ||    14
       Ozocubu's Armour  |       |     3 |     5 ||     8
       Summon Ice Beast  |       |       |     1 ||     1
  Use: Scroll            |     5 |     3 |     1 ||     9
       Potion            |       |     1 |       ||     1
 Stab: Sleeping          |     2 |       |       ||     2
       Distracted        |     2 |       |       ||     2
Armor: Robe              |    18 |    19 |    17 ||    54
Dodge: Dodged            |    43 |    50 |    28 ||   121

Table legend: (Time is in decaauts)
 A = Elapsed time spent in this place.
 B = Non-inter-level travel time spent in this place.
 C = Inter-level travel time spent in this place.
 D = Time resting spent in this place.
 E = Time spent auto-exploring this place.
 F = Levels seen in this place.
 G = Mean time per level.
                   A        B        C        D        E       F      G
               +--------+--------+--------+--------+--------+-----+--------+
         Total |   7419 |   7200 |    219 |   3390 |   2623 |   6 | 1236.5 |
       Dungeon |   5279 |   5060 |    219 |   2019 |   2140 |   5 | 1055.8 |
         Sewer |   2140 |   2140 |      0 |   1371 |    483 |   1 | 2140.0 |
               +--------+--------+--------+--------+--------+-----+--------+

Top non-repeatable levels by time:
   Sewer: 2140 daAuts
     D:3: 1520 daAuts
     D:2: 1398 daAuts
     D:1: 1244 daAuts
     D:4: 749 daAuts
     D:5: 366 daAuts
